[Event "Live Chess"]
[Site "Chess.com"]
[Date "2024.06.01"]
[Round "-"]
[White "GoldsmanB"]
[Black "jimwad"]
[Result "0-1"]
[WhiteElo "1105"]
[BlackElo "1308"]
[TimeControl "300"]
[EndTime "15:45:07 PDT"]
[Termination "jimwad won by checkmate"]

1. d4 d5 2. Bf4 Bf5 3. c3 Nf6 4. Qb3 Qc8 5. Nf3 e6 6. e3 Nc6 7. Bb5 Bd6 8. Bg3 O-O 9. Qa4 Ne7 10. Nbd2 Bxg3 11. hxg3 c6 12. Be2 h6 13. O-O-O Ne4 14. Nxe4 Bxe4 15. Rh2 b5 16. Qb3 a5 17. a3 a4 18. Qa2 c5 19. Nd2 Bg6 20. Bxb5 cxd4 21. exd4 Qb8 22. Be2 Rc8 23. Bh5 Bd3 24. Nf3 Qb7 25.
Rxd3 Nf5 26. Bg4 Nd6 27. Ne5 Ne4 28. f3 Nxg3 29. Rh3 Ne2+ 30. Kd2 Nf4 31. Re3 Nxh3 32.
Bxh3 Qb5 33. Kc1 Qf1+ 34. Kc2 Qf2+ 35. Kd3 Qf1+ 36. Re2 Qd1+ 37. Rd2 Qf1+ 38. Kc2 Rab8 39. Nd7 Rb7 40. Ne5 Qb5 41. Nd3 Qa5 42. Nb4 Qc7 43. Rd3 Rcb8 44. b3 axb3+ 45. Kxb3 Qc4+ 46. Kc2 Rxb4 47. Qxc4 Rxc4 48. Kd2 Ra4 49. Ke3 Rxa3 50. Kf4 Rbb3 51.
Ke5 Rxc3 52. Rxc3 Rxc3 53. Kd6 Rc8 54. g4 Kf8 55. f4 Ke8 56. g5 Rd8+ 57. Ke5 Ke7 58.
gxh6 f6# 0-1

[Event "Live Chess"]
[Site "Chess.com"]
[Date "2024.06.01"]
[Round "-"]
[White "Outspanner"]
[Black "NAZRIZ1977"]
[Result "0-1"]
[WhiteElo "1534"]
[BlackElo "2164"]
[TimeControl "300"]
[EndTime "15:45:21 PDT"]
[Termination "NAZRIZ1977 won on time"]

1. Nf3 g6 2. c4 Bg7 3. g3 Nf6 4. Bg2 O-O 5. O-O c5 6. Nc3 d5 7. cxd5 Nxd5 8. e4 Nb4 9. Qe2 Nd3 10. Ne1 Nxc1 11. Rxc1 Nc6 12. Nf3 Bg4 13. h3 Nd4 14. Qe3 Nxf3+ 15. Bxf3 Bxh3 16. Rfd1 b6 17. e5 Rc8 18. d4 cxd4 19. Rxd4 Qe8 20. g4 f6 21.
Bd5+ e6 22. Bf3 fxe5 23. Rd2 Rf4 24. Bb7 Rc7 25. Qxh3 Rxb7 26. Rcd1 Rd4 27. Ne4 Rbd7 28. Rxd4 Rxd4 29. Rxd4 exd4 30. g5 Qe7 31. Qg3 e5 32.
Qg4 Qe8 33. Nd6 Qe7 34. Qc8+ Bf8 35. Qc4+ Kg7 36. Ne4 h6 37. Nf6 hxg5 38. Qg8+ Kxf6 39. Qh8+ Bg7 40. Qh3 e4 41. Qb3 e3 42. Qd5 exf2+ 43.
Kxf2 Qe3+ 44. Kg2 g4 45. Qd6+ Kg5 0-1

[Event "Live Chess"]
[Site "Chess.com"]
[Date "2024.06.01"]
[Round "-"]
[White "lyricalschemes"]
[Black "LL220284LL"]
[Result "0-1"]
[WhiteElo "2439"]
[BlackElo "2513"]
[TimeControl "300"]
[EndTime "15:45:30 PDT"]
[Termination "LL220284LL won by resignation"]

1. e4 c5 2. Nf3 g6 3. c3 Bg7 4. d4 cxd4 5. cxd4 d5 6. e5 Nh6 7. h3 Nc6 8. Bd3 O-O 9. Nc3 Bf5 10. a3 Bxd3 11. Qxd3 f6 12. O-O fxe5 13. dxe5 e6 14. Bg5 Qd7 15. Rad1 Nf5 16. Rfe1 Qc7 17. Rc1 a6 18.
Qe2 Rac8 19. Red1 Qb8 20. Bf4 Nh4 21. Nxh4 Rxf4 22. g3 Rf7 23. f4 g5 24. Ng2 gxf4 25.
Nxf4 Re8 26. Qh5 Qxe5 27. Qg4 Qe3+ 28. Kh1 Ne5 29. Qh5 Qxg3 30. Rf1 Ref8 31. Nce2 Qe3 32. Rc3 Qe4+ 33. Kh2 Ng6 34. Nxg6 hxg6 0-1

[Event "Live Chess"]
[Site "Chess.com"]
[Date "2024.06.01"]
[Round "-"]
[White "RichardABates"]
[Black "CarmelJane"]
[Result "1/2-1/2"]
[WhiteElo "2310"]
[BlackElo "2074"]
[TimeControl "300"]
[EndTime "15:45:47 PDT"]
[Termination "Game drawn by repetition"]

1. d4 Nf6 2. Nf3 e6 3. c4 b6 4. g3 Bb7 5. Bg2 Be7 6. O-O O-O 7. Nc3 Ne4 8. Bd2 f5 9. d5 Bf6 10. Qc2 exd5 11. cxd5 d6 12. Nxe4 fxe4 13. Qxe4 Nd7 14. Nd4 Nc5 15. Qg4 Bc8 16. Ne6 Nxe6 17. dxe6 Rb8 18.
Bd5 Qe7 19. Rac1 Kh8 20. Bc3 Ba6 21. Rfe1 Rbc8 22. e4 c6 23. Bb3 c5 24. Bd5 Rce8 25. f4 Bc8 26. f5 Bb7 27. h4 Bxc3 28. bxc3 Rf6 29. c4 g6 30. Rf1 Bxd5 31. cxd5 gxf5 32. Rxf5 Rg8 33. Rg5 Rfg6 34. Rf1 Rxg5 35. hxg5 Rxg5 36. Rf8+ Kg7 37. Rf7+ Qxf7 38. Qxg5+ Qg6 39.
Qh4 Qf6 40. e7 Qxh4 41. e8=Q Qxg3+ 42. Kf1 Qf3+ 43. Ke1 Qe3+ 44. Kd1 Qd3+ 45. Kc1 Qc3+ 46. Kb1 Qd3+ 47. Kc1 Qc3+ 48. Kb1 Qd3+ 49. Kc1 1/2-1/2

[Event "Live Chess"]
[Site "Chess.com"]
[Date "2024.06.01"]
[Round "-"]
[White "McFim"]
[Black "updatedopenings2024"]
[Result "0-1"]
[WhiteElo "1632"]
[BlackElo "1993"]
[TimeControl "300"]
[EndTime "15:45:47 PDT"]
[Termination "updatedopenings2024 won by resignation"]

1. e4 c6 2. d4 d5 3. exd5 cxd5 4.
Bd3 Nc6 5. c3 Nf6 6. Bf4 Bg4 7.
Nf3 e6 8. O-O Bd6 9. Bxd6 Qxd6 10. Nbd2 O-O 11. Qe1 Rac8 12. Ne5 Bh5 13. Ndf3 a6 14.
a4 Bg6 15. Bxg6 hxg6 16. h3 Qc7 17. Qe3 b5 18. axb5 axb5 19. b4 Nxe5 20. dxe5 Ne4 21.
Nd4 Qxe5 22. Nxb5 Qb8 23. Ra5 Rc4 24. f3 Nd6 25. Nxd6 Qxd6 26. Rb1 Rfc8 27. Rb3 d4 28. cxd4 Rc1+ 29. Kf2 R8c2+ 0-1

[Event "Live Chess"]
[Site "Chess.com"]
[Date "2024.06.01"]
[Round "-"]
[White "katoma"]
[Black "stevochess11"]
[Result "1/2-1/2"]
[WhiteElo "2044"]
[BlackElo "1707"]
[TimeControl "300"]
[EndTime "15:45:50 PDT"]
[Termination "Game drawn by agreement"]

1. e4 c5 2. Nf3 g6 3. d4 cxd4 4.
Nxd4 Nc6 5. Nc3 Bg7 6. Be3 Nf6 7. Bc4 O-O 8. Bb3 a5 9. Ndb5 d6 10. f3 Bd7 11. Na4 Nb4 12. Nbc3 Bxa4 13. Bxa4 Nd7 14. Bxd7 Qxd7 15. a3 Nc6 16. O-O Rac8 17. Nd5 Qd8 18.
c3 Ne5 19. Bb6 Qd7 20. Bxa5 Nc4 21. Nb6 Nxb6 22. Bxb6 Qb5 23. Bd4 Qxb2 24. Rb1 Bxd4+ 25. cxd4 Qxa3 26. Rxb7 Qe3+ 27. Kh1 Qg5 28. f4 Qf6 29. e5 dxe5 30. dxe5 Qh4 31. Qe1 Qxe1 32. Rxe1 e6 33. h4 h5 34. Rd1 Rfd8 35. Rxd8+ Rxd8 36. Kh2 1/2-1/2

[Event "Live Chess"]
[Site "Chess.com"]
[Date "2024.06.01"]
[Round "-"]
[White "KeithArkell"]
[Black "Queensandpawns"]
[Result "1/2-1/2"]
[WhiteElo "2409"]
[BlackElo "2344"]
[TimeControl "300"]
[EndTime "15:46:01 PDT"]
[Termination "Game drawn by agreement"]

1. d4 Nc6 2. d5 Ne5 3. Nf3 Nxf3+ 4. exf3 Nf6 5. Nc3 c6 6. Bg5 Nxd5 7. Nxd5 Qa5+ 8. c3 Qxd5 9. Qxd5 cxd5 10. O-O-O f6 11. Be3 e6 12. f4 b6 13. f5 Bb7 14. Bb5 a6 15. Ba4 b5 16. Bb3 Bd6 17. f4 Ke7 18. fxe6 dxe6 19. f5 exf5 20. Bxd5 Bxd5 21. Rxd5 Be5 22. Bc5+ 1/2-1/2

[Event "Live Chess"]
[Site "Chess.com"]
[Date "2024.06.01"]
[Round "-"]
[White "KwikPhoenix"]
[Black "GEMdzq"]
[Result "0-1"]
[WhiteElo "2453"]
[BlackElo "2301"]
[TimeControl "300"]
[EndTime "15:46:02 PDT"]
[Termination "GEMdzq won by checkmate"]

1. b3 e5 2. Bb2 Nc6 3. e3 Nf6 4. Bb5 d6 5. d4 exd4 6. exd4 Be7 7.
Nf3 O-O 8. O-O d5 9. h3 a6 10. Bxc6 bxc6 11. Ne5 Bb7 12. Nd2 Re8 13. c4 Bd6 14.
Ndf3 c5 15. Rc1 dxc4 16. Nxc4 Bf4 17. Rc2 cxd4 18. Bxd4 Be4 19. Rb2 Qd5 20. Bxf6 Bxf3 21. Qxd5 Bxd5 22. Bd4 Re4 23. Be3 Bxc4 24. bxc4 Bxe3 25.
fxe3 Rxc4 26. Rd1 Re8 27. Kf2 Kf8 28. Rd7 Rc6 29. Rbd2 Rf6+ 30. Ke2 Rfe6 31. R2d3 Rc6 32. Kd2 g6 33. R3d4 h5 34. Kd3 Re7 35. Rd8+ Kg7 36.
Ra8 Rb6 37. a4 Kf6 38. Rf4+ Ke6 39. Re4+ Kd7 40. Rxe7+ Kxe7 41. Ra7 Kd6 42. Ra8 Ke5 43.
Re8+ Re6 44. Rc8 Kd6 45. Rd8+ Kc5 46. Rd7 Rd6+ 47. Rxd6 cxd6 48. Kc3 d5 49. Kb3 h4 50.
Kc3 a5 51. Kb3 f5 52. Kc3 g5 53. Kd3 g4 54. Kc3 g3 55. Kd3 Kb4 56. Kd4 Kxa4 57.
Kxd5 Kb3 58. Ke5 a4 59. Kxf5 a3 60. Kg4 a2 61. Kxh4 a1=Q 62. Kxg3 Qe1+ 63. Kf3 Qf1+ 64. Kg3 Qe2 65. Kf4 Qxg2 66. e4 Qf2+ 67. Ke5 Qg3+ 68.
Kd5 Qd3+ 69. Ke5 Kc4 70. h4 Qh3 71. h5 Qxh5+ 72. Kf4 Kd4 73. Kg3 Qe5+ 74. Kg4 Kxe4 75. Kh3 Qg7 76. Kh2 Kf3 77. Kh1 Qg2# 0-1

[Event "Live Chess"]
[Site "Chess.com"]
[Date "2024.06.01"]
[Round "-"]
[White "TheSmoulderingMaster"]
[Black "AlexanderMatlak"]
[Result "0-1"]
[WhiteElo "1727"]
[BlackElo "2394"]
[TimeControl "300"]
[EndTime "15:46:04 PDT"]
[Termination "AlexanderMatlak won by resignation"]

1. e4 c5 2. Nf3 d6 3. d4 cxd4 4. Nxd4 Nf6 5. Nc3 a6 6. Be3 e6 7.
f3 b5 8. Qd2 Bb7 9. a3 Nbd7 10.
O-O-O Rc8 11. g4 Nb6 12. h4 Nfd7 13. h5 Ne5 14. Be2 Nbc4 15. Bxc4 Nxc4 16. Qe2 Qc7 17. g5 Nxa3 18. g6 b4 19. gxf7+ Kxf7 20. Qg2 Nxc2 21. Nxe6 Kxe6 22. Qg4+ Kf7 23. Qf5+ Ke8 24. Qe6+ Qe7 25. Qf5 Nxe3 26. Qa5 Qxe4 0-1

[Event "Live Chess"]
[Site "Chess.com"]
[Date "2024.06.01"]
[Round "-"]
[White "FlyingChessKestrel13"]
[Black "vincents82"]
[Result "1/2-1/2"]
[WhiteElo "2081"]
[BlackElo "2045"]
[TimeControl "300"]
[EndTime "15:46:57 PDT"]
[Termination "Game drawn by repetition"]

1. e4 d5 2. exd5 Qxd5 3. Nc3 Qd8 4. Nf3 Bg4 5. Bc4 e6 6. O-O Nf6 7. d3 c6 8. Bg5 Be7 9. Bxf6 Bxf6 10. Ne4 Be7 11.
a4 Nd7 12. c3 a5 13. h3 Bxf3 14. Qxf3 O-O 15. d4 Nf6 16. Bd3 Nxe4 17. Qxe4 g6 18.
f4 Qd5 19. Qe2 Rfd8 20. Bc4 Qd6 21. Rae1 Bf6 22. g4 c5 23. f5 exf5 24. gxf5 cxd4 25. fxg6 hxg6 26. Qf3 dxc3 27. bxc3 Kg7 28. Re6 Bd4+ 29. cxd4 Qxd4+ 30. Kh1 fxe6 31. Qf7+ Kh6 32. Rf4 Qd1+ 33. Bf1 Qd5+ 34. Bg2 Qh5 35. Qxe6 Rd1+ 36. Kh2 Rad8 37.
Qf6 R1d6 38. Qe7 R6d7 39. Qf6 Rd6 40. Qe7 R6d7 41. Qf6 Rd6 1/2-1/2

[Event "Live Chess"]
[Site "Chess.com"]
[Date "2024.06.01"]
[Round "-"]
[White "degringolade64"]
[Black "blunderabit"]
[Result "1-0"]
[WhiteElo "2131"]
[BlackElo "1775"]
[TimeControl "300"]
[EndTime "15:47:00 PDT"]
[Termination "degringolade64 won on time"]

1. e4 c5 2. Nf3 d6 3. Bb5+ Nd7 4. Ba4 Nf6 5. O-O a6 6. c4 g6 7.
Nc3 Bg7 8. d4 cxd4 9. Nxd4 O-O 10.
Bc2 Qc7 11. b3 e6 12. Bb2 Rd8 13. Rc1 Ne5 14. h3 Nc6 15. Nce2 Bd7 16. f4 Rac8 17.
Bb1 Be8 18. f5 e5 19. Nf3 a5 20. fxg6 hxg6 21. Qe1 Nb4 22. a3 Na6 23. b4 axb4 24. axb4 Qb6+ 25. Kh1 Qxb4 26. Qh4 Qxb2 27. Rc2 Qb6 28. Ng5 Rd7 29. Ng3 1-0

[Event "Live Chess"]
[Site "Chess.com"]
[Date "2024.06.01"]
[Round "-"]
[White "ACM42"]
[Black "CheckThis4"]
[Result "0-1"]
[WhiteElo "2153"]
[BlackElo "2689"]
[TimeControl "300"]
[EndTime "15:47:06 PDT"]
[Termination "CheckThis4 won by resignation"]

1. e4 c5 2. Nf3 Nc6 3. d4 cxd4 4.
Nxd4 Nf6 5. Nc3 e5 6. Ndb5 d6 7.
Bg5 a6 8. Na3 Be7 9. Bxf6 gxf6 10. Qh5 b5 11. Nd5 Be6 12. Bd3 Rc8 13. O-O f5 14. c4 b4 15. Nc2 f4 16. g3 a5 17. gxf4 Rg8+ 18. Kh1 Bg4 19. Rg1 Bxh5 20. Rxg8+ Bf8 21. Kg2 exf4 22. Nxf4 Bg6 23. Nd5 Ne5 0-1

[Event "Live Chess"]
[Site "Chess.com"]
[Date "2024.06.01"]
[Round "-"]
[White "GEMdzq"]
[Black "TheSmoulderingMaster"]
[Result "1-0"]
[WhiteElo "2302"]
[BlackElo "1726"]
[TimeControl "300"]
[EndTime "15:47:10 PDT"]
[Termination "GEMdzq won by resignation"]

1. e4 c5 2. d4 cxd4 3. c3 dxc3 4.
Nxc3 Nc6 5. Bc4 d6 6. Nf3 e6 7. O-O Nf6 8. Qe2 e5 9. Ng5 Be6 10. Nxe6 fxe6 11. Bxe6 Qe7 12. Bb3 g6 13. Bg5 Bg7 14.
Nd5 1-0

[Event "Live Chess"]
[Site "Chess.com"]
[Date "2024.06.01"]
[Round "-"]
[White "IgorSchukin"]
[Black "OurKnightAtTheOpera"]
[Result "0-1"]
[WhiteElo "1706"]
[BlackElo "2001"]
[TimeControl "300"]
[EndTime "15:47:41 PDT"]
[Termination "OurKnightAtTheOpera won by resignation"]

1. e4 e5 2. Nf3 Nc6 3. Nc3 Nf6 4.
d4 exd4 5. Nxd4 Bb4 6. Nxc6 bxc6 7. Bd3 O-O 8. O-O Re8 9. Bg5 h6 10. Bh4 d6 11. Qf3 Bxc3 12. bxc3 a5 13. Bxf6 Qxf6 14.
Qxf6 gxf6 15. f4 Ba6 16. a4 d5 17. exd5 cxd5 18. Rf3 Bxd3 19. cxd3 Rab8 20. Rh3 Kh7 21. Rh5 c6 22. c4 Kg6 23. g4 Red8 24. h3 Rb3 25. cxd5 cxd5 26. d4 Rb4 27. Kf2 Rxd4 28. Ke3 Re4+ 29. Kf3 Rb4 30. Ke3 Rb3+ 31. Kd4 Rb4+ 32.
Kd3 Rxf4 33. Rf5 Rxf5 34. gxf5+ Kxf5 35. Rf1+ Kg6 36. Kd4 f5 37. Ke5 d4 38. Rg1+ Kh5 39.
Kxf5 d3 40. Rd1 Kh4 41. Kf4 d2 42. Kf3 h5 43. Ke2 Kxh3 44. Rh1+ Kg2 45. Rd1 h4 0-1

[Event "Live Chess"]
[Site "Chess.com"]
[Date "2024.06.01"]
[Round "-"]
[White "cymbalshift"]
[Black "MagnersCarlsberg2870"]
[Result "0-1"]
[WhiteElo "1675"]
[BlackElo "1763"]
[TimeControl "300"]
[EndTime "15:47:44 PDT"]
[Termination "MagnersCarlsberg2870 won by resignation"]

1. d4 Nf6 2. c4 e5 3. dxe5 Ne4 4. a3 b6 5. g3 Bb7 6. Bg2 Nc3 7. Bxb7 Nxd1 8. Bxa8 c6 9. Kxd1 d6 10. Nc3 dxe5+ 11. Kc2 Bc5 12. e3 Qf6 13. Ne4 Qg6 14. f3 Nd7 15. Bxc6 Qxc6 16. b4 Be7 17. Bb2 Qxc4+ 18. Kd2 Nf6 19. Rc1 Nxe4+ 20. fxe4 Qxe4 21.
Rc8+ Bd8 22. Ne2 Qxh1 23. Bxe5 O-O 24. Bd6 Qd5+ 0-1

[Event "Live Chess"]
[Site "Chess.com"]
[Date "2024.06.01"]
[Round "-"]
[White "Dhaydon19"]
[Black "CCGoodKnightRookie"]
[Result "1-0"]
[WhiteElo "2679"]
[BlackElo "2323"]
[TimeControl "300"]
[EndTime "15:48:12 PDT"]
[Termination "Dhaydon19 won by resignation"]

1. d4 Nf6 2. Nf3 d5 3. c3 Bf5 4. g3 e6 5. Bg2 Bd6 6. O-O O-O 7. Bg5 Nbd7 8. Bxf6 Nxf6 9. Nbd2 c5 10. Re1 Ne4 11. Nh4 Nxd2 12. Nxf5 exf5 13. Qxd2 cxd4 14. Qxd4 Qe7 15. Qxd5 g6 16. e3 Rfd8 17. Qb3 Rab8 18. Rad1 b6 19. Rd5 Bc5 20. Qc4 Rxd5 21. Bxd5 Rd8 22.
b4 Bd6 23. Rd1 Kg7 24. Bf3 Be5 25. Rd3 Qc7 26. Qxc7 Bxc7 27. Rd4 Rxd4 28. exd4 Kf6 29. Kf1 Ke6 30. Ke2 Kd6 31. Kd3 b5 32. Kc2 Bb6 33. Kb3 Bc7 34. a4 a6 35. a5 f4 36. Bb7 fxg3 37. hxg3 h5 38. Bxa6 Kc6 39. d5+ Kxd5 40. Bxb5 Ke4 41. Be2 Bb8 42. c4 Kd4 43. c5 1-0

[Event "Live Chess"]
[Site "Chess.com"]
[Date "2024.06.01"]
[Round "-"]
[White "ShanthamGrarks"]
[Black "Duke_of_Bebington"]
[Result "0-1"]
[WhiteElo "1789"]
[BlackElo "1638"]
[TimeControl "300"]
[EndTime "15:48:35 PDT"]
[Termination "Duke_of_Bebington won by resignation"]

1. d4 d5 2. Nc3 Nf6 3. e4 Nxe4 4. f3 Nxc3 5. bxc3 e6 6. Bd3 Bd6 7. Ne2 O-O 8. O-O Nc6 9. Bf4 Bxf4 10. Nxf4 Qf6 11. g3 Ne7 12. Nh5 Qh6 13. f4 f5 14.
c4 c6 15. c5 g6 16. Be2 gxh5 17. Bxh5 Ng6 18. Kf2 Qg7 19. Qf3 Qxd4+ 20. Kg2 Qxc5 21.
Bxg6 hxg6 22. Rf2 b6 23. h4 Kg7 24. h5 Rh8 25. hxg6 Kxg6 26. g4 Qf8 27. g5 Qg7 28. Re1 Qh7 29. Kf1 Qh1+ 30. Ke2 Ba6+ 31. Kd2 Qxf3 32.
Rxf3 Rh2+ 33. Kc3 Re8 34. Rfe3 Bc8 35. R1e2 Rxe2 36. Rxe2 e5 37. fxe5 Kxg5 38. Kd4 f4 39.
Rg2+ Bg4 40. c3 Kf5 41. Rh2 Rxe5 42. Rh7 c5+ 43. Kd3 Re3+ 44. Kd2 Re2+ 45. Kc1 Rxa2 46.
Rf7+ Ke4 47. Re7+ Kf3 48. Rd7 Ke3 49. Re7+ Kd3 50. Kb1 Rf2 51. Rg7 Bf5 52. Rf7 Be4 53. Kc1 Kxc3 54. Kd1 f3 55. Ke1 Re2+ 56. Kf1 a5 57. Rc7 a4 58. Ra7 Kb4 59. Ra6 b5 60. Rb6 a3 61. Ra6 a2 62. Ra7 Rb2 63. Ra6 Rb1+ 64.
Kf2 a1=Q 65. Ke3 Qd4+ 66. Kf4 f2 67. Ra2 f1=Q+ 68. Kg5 Qdg1+ 69. Rg2 Qfxg2+ 0-1

[Event "Live Chess"]
[Site "Chess.com"]
[Date "2024.06.01"]
[Round "-"]
[White "jk0110"]
[Black "gobbles19"]
[Result "0-1"]
[WhiteElo "1230"]
[BlackElo "2288"]
[TimeControl "300"]
[EndTime "15:48:37 PDT"]
[Termination "gobbles19 won by resignation"]

1. e4 d6 2. d4 Nf6 3. Nc3 g6 4. Nf3 Bg7 5. Bg5 h6 6. Bh4 O-O 7. Bd3 Na6 8. Qd2 c5 9. O-O-O cxd4 10. Nxd4 Nc5 11. Bc4 Nfxe4 12. Nxe4 Nxe4 13. Qd3 d5 14. Bb3 Nc5 15. Qf3 Nxb3+ 16. Qxb3 g5 17. Bg3 e5 18.
Nf3 g4 19. Nxe5 Bxe5 20. Bxe5 Qg5+ 21. Kb1 Qxe5 22. h3 Bf5 23. hxg4 Bg6 24. Rxd5 Qf6 25. Qe3 Rac8 26. Rxh6 Bxc2+ 27. Ka1 Bg6 28. g5 Qxf2 29.
Rh8+ Kxh8 30. Qh3+ Kg8 31. Qh1 Qxg2 32. Qd1 Qxd5 0-1

[Event "Live Chess"]
[Site "Chess.com"]
[Date "2024.06.01"]
[Round "-"]
[White "MellowAesthetic"]
[Black "defenderalist"]
[Result "1-0"]
[WhiteElo "2083"]
[BlackElo "1530"]
[TimeControl "300"]
[EndTime "15:48:46 PDT"]
[Termination "MellowAesthetic won on time"]

1. e4 c5 2. Nf3 d6 3. d4 cxd4 4. Nxd4 a6 5. c4 Nf6 6. Nc3 Nc6 7. Bg5 e6 8. Nxc6 bxc6 9. Qd2 Be7 10. Be2 h6 11.
Be3 Bb7 12. O-O c5 13. f3 O-O 14. Rad1 Qc7 15. Qc2 d5 16. cxd5 exd5 17. exd5 Bd6 18. f4 Rad8 19. g3 Rfe8 20. Bf2 Bf8 21. Bf3 c4 22.
Rd2 Bc5 23. Rfd1 Bxf2+ 24. Kxf2 Qc5+ 25. Kg2 Rd6 26. Rd4 Red8 27. Qd2 Bc8 28. Qe2 Bf5 29. Rxc4 Qa5 30. Rcd4 Rb8 31. Qd2 Qb6 32. b3 Ng4 33.
Ne4 Bxe4 34. Bxe4 Re8 35. h3 f5 36. hxg4 fxe4 37. Qe3 Qb5 38. Rxe4 Red8 39. Qd3 Qd7 40. Rd4 Qxg4 41. Qf3 Qd7 42. R4d2 1-0

[Event "Live Chess"]
[Site "Chess.com"]
[Date "2024.06.01"]
[Round "-"]
[White "updatedopenings2024"]
[Black "RichardABates"]
[Result "0-1"]
[WhiteElo "1990"]
[BlackElo "2314"]
[TimeControl "300"]
[EndTime "15:48:56 PDT"]
[Termination "RichardABates won by resignation"]

1. e4 c5 2. Nf3 d6 3. Bb5+ Nd7 4. O-O Nf6 5. Re1 a6 6. Bf1 e5 7. c3 Be7 8. d4 O-O 9. h3 Qc7 10. Na3 b5 11. Nc2 Bb7 12. d5 c4 13. a4 Nc5 14.
Nd2 Nxa4 15. f4 exf4 16. Nf3 Nc5 17. e5 dxe5 18. Nxe5 Bd6 19. Ng4 Nxd5 20. Nd4 Rfe8 21. Nf5 Bf8 22. Rxe8 Rxe8 23. Be2 h5 24. Nf2 Ne3 25.
Nxe3 fxe3 26. Bxh5 Qg3 0-1

[Event "Live Chess"]
[Site "Chess.com"]
[Date "2024.06.01"]
[Round "-"]
[White "upoe610"]
[Black "koekoekoe"]
[Result "1-0"]
[WhiteElo "2209"]
[BlackElo "1959"]
[TimeControl "300"]
[EndTime "15:49:16 PDT"]
[Termination "upoe610 won by resignation"]

1. c4 d5 2. cxd5 Qxd5 3. Nf3 Nf6 4. d4 Bg4 5. Nc3 Qa5 6. Qa4+ Qxa4 7. Nxa4 e6 8. Nc3 Bb4 9. Bd2 O-O 10. e3 Nc6 11. h3 Bxf3 12. gxf3 Ne7 13. Bd3 Nfd5 14.
a3 Bxc3 15. bxc3 h6 16. e4 Nb6 17. Rg1 Kh8 18. Ke2 Rac8 19. a4 c5 20. a5 Nd7 21. Rab1 cxd4 22. cxd4 b6 23. a6 Nc6 24. Be3 Rfd8 25. Rgd1 Nf6 26. Bb5 Ne7 27. Kf1 Ng6 28. Rbc1 Nh4 29. Rxc8 Rxc8 30. d5 Nxf3 31. d6 Nxe4 32. d7 Rd8 33. Bxb6 axb6 34. a7 Nfd2+ 35. Kg2 Kh7 36. Bc6 Nc4 37. Bxe4+ 1-0

[Event "Live Chess"]
[Site "Chess.com"]
[Date "2024.06.01"]
[Round "-"]
[White "lyricalschemes"]
[Black "CarmelJane"]
[Result "0-1"]
[WhiteElo "2376"]
[BlackElo "2088"]
[TimeControl "300"]
[EndTime "15:49:20 PDT"]
[Termination "CarmelJane won by resignation"]

1. e4 g6 2. d4 Bg7 3. Nc3 c5 4. Be3 cxd4 5. Bxd4 Bxd4 6. Qxd4 Nf6 7. Nf3 Nc6 8. Qd2 O-O 9. Bc4 a6 10. a4 d6 11. O-O Bg4 12. Nd4 Ne5 13. Be2 Bd7 14. f4 Nc6 15. f5 Qb6 0-1

[Event "Live Chess"]
[Site "Chess.com"]
[Date "2024.06.01"]
[Round "-"]
[White "NottheBishopSacrifice"]
[Black "Crowded_House"]
[Result "1-0"]
[WhiteElo "2298"]
[BlackElo "1728"]
[TimeControl "300"]
[EndTime "15:49:35 PDT"]
[Termination "NottheBishopSacrifice won by resignation"]

1. d4 e6 2. Nf3 d5 3. Bg5 Be7 4.
Bxe7 Qxe7 5. g3 Nf6 6. Bg2 O-O 7. O-O c5 8. dxc5 Qxc5 9. Nbd2 Nc6 10. Nb3 Qb6 11. Qd3 Bd7 12. c4 dxc4 13. Qxc4 Rac8 14. Qc5 Qxc5 15. Nxc5 b6 16. Nxd7 Nxd7 17. Rfd1 Nf6 18. a3 Ne7 19. Ne5 Rfd8 20. b4 Ned5 21.
Bxd5 Nxd5 22. b5 Rc2 23. Nc6 Ra8 24. a4 Kf8 25. e4 Ne7 26. Rac1 Rxc1 27. Rxc1 Nxc6 28.
Rxc6 Ke7 29. Rc7+ Kf6 30. e5+ Kxe5 31. Rxf7 a6 32. Rb7 axb5 33. axb5 Ra1+ 34. Kg2 Rb1 35. Rxb6 g6 36. Rb7 h5 37. h4 Kd5 38. b6 Kc6 39.
Rg7 Kxb6 40. Rxg6 Re1 41. Rg5 Kc6 42. Rxh5 Kd6 43. Rg5 Ke7 44. h5 Kf6 45. Rg6+ Kf7 46. g4 e5 47. Ra6 e4 48. g5 e3 49. Ra7+ Kf8 50. fxe3 Rxe3 51. Ra5 Re2+ 52. Kg3 Re3+ 53. Kg4 Re1 54. Ra8+ Kg7 55. Ra7+ Kf8 56. Kf5 Rf1+ 57. Kg6 Rb1 58. h6 Rb6+ 59. Kh5 Rb1 60. h7 Rh1+ 61. Kg6 1-0

[Event "Live Chess"]
[Site "Chess.com"]
[Date "2024.06.01"]
[Round "-"]
[White "MaksymYurii"]
[Black "gmnorfolk"]
[Result "0-1"]
[WhiteElo "937"]
[BlackElo "2100"]
[TimeControl "300"]
[EndTime "15:49:40 PDT"]
[Termination "gmnorfolk won by checkmate"]

1. e4 c5 2. Nf3 d6 3. Bc4 Nf6 4. d3 Nc6 5. O-O g6 6. Bb5 Bg7 7. e5 dxe5 8. Nxe5 Bd7 9. Nxd7 Qxd7 10. Re1 a6 11. Ba4 b5 12. Bb3 O-O 13. Nc3 Nd4 14. a4 Nxb3 15. cxb3 b4 16. Ne4 Nxe4 17. dxe4 Qxd1 18.
Rxd1 Rfd8 19. Rxd8+ Rxd8 20. Be3 Bxb2 21. Rb1 Bd4 22. Bh6 f6 23. Bf4 e5 24. Bg3 Bc3 25. f3 Rd2 26. f4 Bd4+ 27. Kh1 Re2 28. fxe5 fxe5 29. Re1 Rxe1+ 30. Bxe1 c4 31. bxc4 b3 32. c5 b2 33. h3 b1=Q 34. c6 Qxe1+ 35. Kh2 Bg1+ 36. Kh1 Bf2+ 37. Kh2 Bg3# 0-1

[Event "Live Chess"]
[Site "Chess.com"]
[Date "2024.06.01"]
[Round "-"]
[White "DoctorMantisTobogganMD"]
[Black "booktrunk"]
[Result "1-0"]
[WhiteElo "2177"]
[BlackElo "1471"]
[TimeControl "300"]
[EndTime "15:49:46 PDT"]
[Termination "DoctorMantisTobogganMD won by resignation"]

1. e4 b6 2. Nc3 Bb7 3. Bc4 e6 4.
Bb3 h6 5. d3 c5 6. f4 Nf6 7.
Nf3 d6 8. O-O Nbd7 9. f5 e5 10.
Qe1 Qe7 11. a4 a5 12. Nb5 Nb8 13. h3 Qd7 14. Be3 Be7 15. Bf2 O-O 16. Bh4 Nh7 17. Bxe7 Qxe7 18. g4 Ba6 19. Bd5 Bb7 20. Bxb7 Qxb7 21.
c4 Qd7 22. Qe3 Nc6 23. h4 Nd4 24. Rf2 Nxf3+ 25. Rxf3 f6 26. Rg3 Rf7 27. b3 Kf8 28.
Ra2 Ke7 29. Rag2 Rg8 30. Nc3 Kd8 31. Nd5 Qb7 32. Kf1 Nf8 33. g5 hxg5 34. hxg5 fxg5 35. Qxg5+ Ke8 36. Qh5 Kd8 37. Ke2 Kc8 38. Nxb6+ Kb8 39. Nd5 g6 40. fxg6 Rfg7 41. Qh2 Qxb3 42. Ke3 Qd1 43.
Rb2+ Kc8 44. Rg1 Qxa4 45. Qh3+ Nd7 46. Nb6+ 1-0

[Event "Live Chess"]
[Site "Chess.com"]
[Date "2024.06.01"]
[Round "-"]
[White "WelshTiger"]
[Black "StoreySniper"]
[Result "0-1"]
[WhiteElo "2478"]
[BlackElo "2541"]
[TimeControl "300"]
[EndTime "15:49:51 PDT"]
[Termination "StoreySniper won by resignation"]

1. e4 g6 2. d4 Bg7 3. Nc3 c5 4.
d5 d6 5. h3 Bxc3+ 6. bxc3 Nf6 7. f3 Qa5 8. Bd2 O-O 9. h4 h5 10. c4 Qa4 11. Bc3 Nbd7 12. Bd3 a6 13. g4 b5 14. gxh5 Nxh5 15. Qd2 Kh7 16. Nh3 f6 17. Nf4 Ne5 18. Bxe5 dxe5 19. Nxh5 gxh5 20. Rg1 Bd7 21. Rg5 fxg5 22. Qxg5 Be8 23. Qxe7+ Bf7 24. Qxe5 bxc4 25. Be2 Qxc2 26. Kf2 Bg6 27. Rg1 Qxe4 28. Qc7+ Kh8 29. Rg5 Qxh4+ 30. Rg3 Rae8 31. Bxc4 Qh2+ 32. Kf1 Rxf3+ 33.
Rxf3 Qxc7 0-1

[Event "Live Chess"]
[Site "Chess.com"]
[Date "2024.06.01"]
[Round "-"]
[White "OurKnightAtTheOpera"]
[Black "Outspanner"]
[Result "0-1"]
[WhiteElo "1986"]
[BlackElo "1620"]
[TimeControl "300"]
[EndTime "15:49:51 PDT"]
[Termination "Outspanner won by resignation"]

1. e4 c5 2. d4 cxd4 3. c3 dxc3 4. Nxc3 Nc6 5. Nf3 e6 6. Bc4 Bb4 7. Qc2 Nge7 8. O-O O-O 9. Bg5 Qa5 10. Nb5 a6 11. Nd6 Bxd6 0-1